Construct Infanterie Kompanie
Construct Luftwaffe Kompanie
Luftwaffe Officer Quarters
Flak 30 Anti-aircraft Gun Team
Selects Mechanized Battlegroup
Selects Wespe Self-propelled Artillery
Wespe Self-propelled Artillery
Marder III M Tank Destroyer
Marder III M Tank Destroyer
Marder III M Tank Destroyer
Marder III M Tank Destroyer
Selects 8 Rad Armored Car
Selects Panther Heavy Tank
Selects Mechanized Assault
Marder III M Tank Destroyer